 Dungeon Crawl Stone Soup version 0.29-a0-1019-g84f7d21838 (webtiles) character file.

Game seed: 13013936591734810937

3958 zishaf the Covert (level 10, -7/53 HPs)
             Began as a Vine Stalker Brigand on Aug 10, 2022.
             Was a Follower of Uskayaw.
             Mangled by an orc warrior
             ... wielding a +0 war axe
              (9 damage)
             ... in a bailey.
             The game lasted 00:19:45 (7872 turns).

zishaf the Covert (Vine Stalker Brigand)            Turns: 7872, Time: 00:19:45

Health: -7/53      AC: 16    Str: 14    XL:     10   Next: 21%
Magic:  0/25       EV: 10    Int: 11    God:    Uskayaw [*.....]
Gold:   325        SH:  0    Dex: 20    Spells: 9/9 levels left

rFire   . . .      SeeInvis .   a - +3 dagger
rCold   + . .      Faith    .   (no shield)
rNeg    . . .      Spirit   +   E - +2 ring mail {rC+}
rPois   .          Reflect  .   J - +0 helmet
rElec   .          Harm     .   c - +0 cloak
rCorr   .          Rampage  .   v - +0 pair of gloves
Will    +....                   b - +1 pair of boots
Stlth   +++.......              (no amulet)
HPRegen 0.97/turn               g - +4 ring of protection
MPRegen 0.19/turn               w - ring of magical power

@: no status effects
A: fangs 3, regeneration 1, magic shield, antimagic bite, no potion heal 2
a: Renounce Religion, Stomp


You were in a bailey.
You worshipped Uskayaw.
Uskayaw was noncommittal.
You visited 2 branches of the dungeon, and saw 10 of its levels.
You also visited: Bailey.

You collected 325 gold pieces.

Inventory:

Hand Weapons
 a - a +3 dagger (weapon)
 j - the +6 whip of a bazaar {vorpal, rPois rC+ Int+3}
   (You found it on level 9 of the Dungeon)

   It inflicts extra damage upon your enemies.
   Int:       It affects your intelligence (+3).
   rC:        It protects you from cold.
   rPois:     It protects you from poison.
 x - a +2 falchion of holy wrath
 I - a +4 dagger of chaos
Missiles
 d - 9 poisoned darts (quivered)
 e - 8 curare-tipped darts
 h - 10 datura-tipped darts
 u - 15 javelins
 D - 2 throwing nets
 F - 7 boomerangs
Armour
 b - a +1 pair of boots (worn)
 c - a +0 cloak (worn)
 f - a +0 ring mail
 v - a +0 pair of gloves (worn)
 y - a +2 robe of willpower
 E - a +2 ring mail of cold resistance (worn)
 J - a +0 helmet (worn)
 L - +0 steam dragon scales
Jewellery
 g - a +4 ring of protection (left hand)
 i - a ring of flight
 w - a ring of magical power (right hand)
Wands
 t - a wand of polymorph (13)
 A - a wand of mindburst (14)
 C - a wand of iceblast (7)
 G - a wand of charming (10)
 K - a wand of flame (9)
Scrolls
 k - 3 scrolls of enchant weapon
 l - 2 scrolls of fear
 m - 4 scrolls of teleportation
 r - 2 scrolls of blinking
 B - a scroll of poison
 H - 2 scrolls of identify
Potions
 n - a potion of berserk rage
 o - a potion of attraction
 p - 2 potions of flight
 q - 4 potions of curing
 s - 2 potions of cancellation
 z - 2 potions of haste


   Skills:
 + Level 6.3 Fighting
 - Level 6.0 Short Blades
 - Level 4.0 Throwing
 - Level 1.0 Dodging
 - Level 8.0 Stealth
 * Level 7.9 Invocations
 - Level 4.0 Evocations


You had 9 spell levels left.
You didn't know any spells.
Your spell library contained the following spells:

 Spells                   Type           Power      Damage    Failure   Level
 Beastly Appendage        Tmut           0%         N/A       58%         1
 Freeze                   Ice            0%         1d3       58%         1
 Magic Dart               Conj           0%         1d3       58%         1
 Call Imp                 Summ           0%         N/A       73%         2
 Searing Ray              Conj           0%         2d4       73%         2
 Wereblood                Tmut           0%         N/A       73%         2
 Frozen Ramparts          Ice            0%         1d1       91%         3
 Gell's Gravitas          Tloc           0%         N/A       91%         3
 Lesser Beckoning         Tloc           0%         N/A       91%         3
 Mephitic Cloud           Conj/Pois/Air  0%         N/A       91%         3
 Spider Form              Tmut/Pois      0%         N/A       91%         3
 Teleport Other           Tloc           0%         N/A       91%         3
 Fulminant Prism          Conj/Hex       0%         3d6       100%        4
 Hailstorm                Conj/Ice       0%         3d3       100%        4


Dungeon Overview and Level Annotations

Branches:
Dungeon (9/15)             Temple (1/1) D:4          Bailey (1/1)
   Lair: D:8-11         Orc: D:9-12

Altars:
Ashenzari
Cheibriados
Dithmenos
Elyvilon
Fedhas
Gozag
Hepliaklqana
Kikubaaqudgha
Makhleb
Nemelex Xobeh
Qazlal
Ru
Sif Muna
Trog
Uskayaw
Vehumet
Wu Jian
Xom
Yredelemnul
Zin
The Shining One

Shops:
D:8 *

Annotations:
D:3 dig vault


Innate Abilities, Weirdness & Mutations

You have razor-sharp teeth.
Your natural rate of healing is unusually fast.
When hurt, damage is shared between your health and your magic reserves.
Your bite disrupts and absorbs the magic of your enemies.
Potions cannot restore your health.


Message History

You hit the hobgoblin but do no damage.
You punch the hobgoblin, but do no damage.
You bite the hobgoblin.
You kill the hobgoblin!
You barely miss the orc warrior.
You bite the orc warrior, but do no damage.
The orc warrior is heavily wounded.
The orc warrior closely misses you.
You hit the orc warrior but do no damage.
The orc warrior is heavily wounded.
The orc warrior hits you but does no damage.
You barely miss the orc warrior.
You bite the orc warrior, but do no damage.
The orc warrior is heavily wounded.
You hit the orc warrior but do no damage.
The orc warrior is heavily wounded.
The orc warrior hits you with a +0 war axe!
You hit the orc warrior but do no damage.
Your bite misses the orc warrior.
The orc warrior is heavily wounded.
The orc warrior hits you with a +0 war axe!
You hit the orc warrior but do no damage.
Your bite misses the orc warrior.
The orc warrior is heavily wounded.
You hit the orc warrior but do no damage.
Your bite misses the orc warrior.
The orc warrior is heavily wounded.
The orc warrior hits you with a +0 war axe.
* * * LOW HITPOINT WARNING * * *
You can no longer pass through a line of other dancers.
You hit the orc warrior but do no damage.
You bite the orc warrior, but do no damage.
The orc warrior is heavily wounded.
The orc warrior hits you with a +0 war axe!
* * * LOW HITPOINT WARNING * * *
You hit the orc warrior but do no damage.
You bite the orc warrior, but do no damage.
The orc warrior is heavily wounded.
The orc warrior hits you with a +0 war axe!
You die...

♣≈≈##......# ~~~#
♣...##.....#~:...
♣....##..).#o!...
♣♣.....#)†..##8.8.
♣......'(.(..#....
♣∩.∩...')....#....
♣......'(....#o...
♣♣.....#)o..##8.8.
♣....##.@..#~!...
♣...##.....#~[...
♣≈≈##......##~~~#
♣≈≈#........#####
♣≈≈#..8..8....
#..........#
##.........#
##...8...##


You could see an orc warlord, an orc warrior and an orc.

Vanquished Creatures
  Sigmund (D:6)
  A wraith (D:7)
  3 wyverns
  2 steam dragons
  Menkaure (D:7)
  An ice beast (D:7)
  2 black bears
  4 orc warriors
  2 ogres (D:5)
  3 centaurs
  2 kobold brigands
  2 necrophages
  4 bullfrogs
  5 scorpions
  4 jellies
  A hound (D:4)
  5 orc priests
  A gnoll bouda (D:6)
  6 iguanas
  7 orc wizards
  9 gnolls
  5 adders
  A shadow imp (D:6)
  A worm (D:3)
  3 dart slugs
  38 orcs
  5 ball pythons
  6 bats
  11 endoplasms
  8 giant cockroaches
  5 goblins
  7 hobgoblins
  8 jackals
  22 kobolds
  2 quokkas
  3 frilled lizards
  8 rats
199 creatures vanquished.

Vanquished Creatures (collateral kills)
  2 orcs (D:6)
2 creatures vanquished.

Vanquished Creatures (others)
  2 orc wizards
2 creatures vanquished.

Grand Total: 203 creatures vanquished

Notes
Turn   | Place    | Note
-------+----------+-------------------------------------------
     0 | D:1      | zishaf the Vine Stalker Brigand began the quest for the
                  | Orb.
     0 | D:1      | Reached XP level 1. HP: 11/11 MP: 2/2
   165 | D:1      | Reached skill level 1 in Dodging
   165 | D:1      | Reached XP level 2. HP: 15/15 MP: 3/3
   171 | D:1      | Reached skill level 5 in Stealth
   746 | D:1      | Reached XP level 3. HP: 18/18 MP: 4/4
  1755 | D:2      | Gained mutation: Your natural rate of healing is unusually
                  | fast. [Vine Stalker growth]
  1755 | D:2      | Reached XP level 4. HP: 20/23 MP: 3/5
  2220 | D:3      | Found a faded altar of an unknown god.
  2305 | D:3      | Reached XP level 5. HP: 16/28 MP: 6/6
  3071 | D:4      | Reached skill level 6 in Stealth
  3151 | D:4      | Reached XP level 6. HP: 29/32 MP: 7/7
  3526 | D:4      | Found a staircase to the Ecumenical Temple.
  3533 | Temple   | Entered the Ecumenical Temple
  3629 | Temple   | Became a worshipper of Uskayaw the Reveller
  3746 | D:4      | Reached * piety under Uskayaw
  3942 | D:5      | Entered Level 5 of the Dungeon
  3952 | D:5      | Reached ** piety under Uskayaw
  3956 | D:5      | Reached *** piety under Uskayaw
  3957 | D:5      | Reached skill level 1 in Invocations
  3957 | D:5      | Reached XP level 7. HP: 26/36 MP: 5/8
  3962 | D:5      | Reached **** piety under Uskayaw
  3970 | D:5      | Reached ***** piety under Uskayaw
  4269 | D:5      | Reached skill level 7 in Stealth
  4697 | D:5      | Gained mutation: You have razor-sharp teeth. [Vine Stalker
                  | growth]
  4697 | D:5      | Reached XP level 8. HP: 42/42 MP: 11/11
  4790 | D:6      | Noticed Sigmund
  4797 | D:6      | Killed Sigmund
  5268 | D:6      | Reached skill level 8 in Stealth
  5268 | D:6      | Reached skill level 1 in Evocations
  5493 | D:7      | Noticed a wraith
  5511 | D:7      | Killed a wraith
  5512 | D:7      | Reached skill level 5 in Fighting
  5512 | D:7      | Reached skill level 5 in Short Blades
  5512 | D:7      | Reached skill level 5 in Invocations
  5512 | D:7      | Reached XP level 9. HP: 47/47 MP: 13/13
  5727 | D:7      | Noticed Menkaure
  5729 | D:7      | Killed Menkaure
  5998 | D:7      | Identified the +5 trident of Yroj {elec, Fly Dex+4}
  6615 | D:8      | Found Mibos's Gadget Gallery.
  6748 | D:8      | Found a burning altar of Makhleb.
  6750 | D:8      | Noticed a green death
  6836 | D:8      | Reached XP level 10. HP: 12/53 MP: 7/16
  7161 | D:9      | Identified the +6 whip of a bazaar {vorpal, rPois rC+
                  | Int+3}
  7768 | D:9      | Found a flagged portal.
  7777 | Bailey   | Entered a bailey
  7792 | Bailey   | Noticed an orc warlord
  7871 | Bailey   | HP: 2/53 [orc warrior/+0 war axe (11)]
  7872 | Bailey   | Mangled by an orc warrior

Illustrated notes

Levels and vault maps discovered:
D:1:      dpeg_arrival_boxes_within_box, layout_basic, minmay_misc_feat_tower
D:2:      layout_basic
D:3:      layout_loops_ring, serial_glass, glass_columns_b, glass_columns_b,
          due_unseen_surprise, item_on_display_a, ebering_ecumenical_altar_hall
D:4:      layout_basic, minmay_temple_entry_wispy
D:5:      layout_loops_ring
D:6:      layout_rooms, uniq_sigmund
D:7:      layout_cave_pools, minmay_misc_feat_encased, grunt_ministairs_12,
          minmay_fountain_box, minmay_door_square, minmay_holes, uniq_menkaure
D:8:      layout_loops_cross, makhleb_altar_promises_db, nicolae_shop_gadgets
D:9:      layout_grid_maze, enter_bailey_2, minmay_misc_feat_alley
Temple:   nicolae_temple_bog_church
Bailey:   bailey_axe_bossmonster_kennysheep, bailey

Skill      XL: |  1  2  3  4  5  6  7  8  9 10 |
---------------+-------------------------------+-----
Dodging        | 1 |  1.0
Stealth        | 5 6 7 8 |  8.0
Fighting       | 2 3 4 5 6 |  6.3
Short Blades   | 2 3 4 5 6 |  6.0
Throwing       | 2 3 4 |  4.0
Invocations    | 1 2 5 7 |  7.9
Evocations     | 1 3 4 |  4.0

Action                   |  1- 3 |  4- 6 |  7- 9 | 10-12 || total
-------------------------+-------+-------+-------+-------++-------
Melee: Dagger            |   108 |   175 |   314 |    99 ||   696
       Bite              |    27 |    60 |   110 |    36 ||   233
       Punch             |     1 |     1 |     3 |     1 ||     6
Throw: Dart              |       |       |    11 |       ||    11
       Javelin           |       |       |     1 |       ||     1
  Use: Scroll            |       |    11 |     9 |       ||    20
 Stab: Sleeping          |    13 |    11 |    18 |       ||    42
       Paralysed         |       |       |     8 |     5 ||    13
       Distracted        |       |       |     1 |       ||     1
Armor: Ring mail         |    48 |    57 |    38 |    47 ||   190
       Robe              |       |       |   101 |       ||   101
Dodge: Dodged            |    31 |    75 |   142 |    50 ||   298

Table legend: (Time is in decaauts)
 A = Elapsed time spent in this place.
 B = Non-inter-level travel time spent in this place.
 C = Inter-level travel time spent in this place.
 D = Time resting spent in this place.
 E = Time spent auto-exploring this place.
 F = Levels seen in this place.
 G = Mean time per level.
                   A        B        C        D        E       F      G
               +--------+--------+--------+--------+--------+-----+--------+
         Total |   7732 |   7172 |    560 |    151 |   4979 |  11 |  702.9 |
       Dungeon |   7537 |   6993 |    544 |    145 |   4905 |   9 |  837.4 |
        Temple |    112 |     96 |     16 |      0 |     74 |   1 |  112.0 |
        Bailey |     82 |     82 |      0 |      6 |      0 |   1 |   82.0 |
               +--------+--------+--------+--------+--------+-----+--------+

Top non-repeatable levels by time:
     D:1: 1298 daAuts
     D:4: 1078 daAuts
     D:5: 926 daAuts
     D:8: 837 daAuts
     D:7: 772 daAuts
     D:2: 738 daAuts
     D:3: 709 daAuts
     D:9: 620 daAuts
     D:6: 555 daAuts
  Temple: 112 daAuts
  Bailey: 82 daAuts
